 Dungeon Crawl Stone Soup version 0.30-a0-553-g7fabdf1491 (webtiles) character file.

Game seed: 15226183762077611699

2560 oldriver the Covert (level 9, -1/53 (86) HPs)
             Began as a Naga Artificer on Dec 27, 2022.
             Was a Follower of Nemelex Xobeh.
             Slain by a wight
             ... wielding a +2 halberd of freezing
              (2 damage)
             ... on level 7 of the Dungeon.
             The game lasted 00:14:58 (6882 turns).

oldriver the Covert (Naga Artificer)                Turns: 6882, Time: 00:14:59

HP:   -1/53 (86)    AC:  9    Str: 20    XL:     9   Next: 56%
MP:   9/9           EV: 10    Int: 11    God:    Nemelex Xobeh [*.....]
Gold: 465           SH:  0    Dex: 13    Spells: 8/8 levels left

rFire   . . .      SeeInvis +    j - +1 dagger (holy)
rCold   . . .      Faith    .    (no shield)
rNeg    . . .      Spirit   .    n - +0 steam dragon scales
rPois   +          Reflect  .    l - +2 helmet
rElec   .          Harm     .    (no cloak)
rCorr   +          Rampage  .    (no gloves)
Will    +....                    (no barding)
Stlth   ++++                     r - amulet of regeneration
HPRegen 1.08/turn                k - ring of resist corrosion
MPRegen 0.11/turn                (no ring)

@: very heavily drained, very slow
A: AC +3, large, see invisible, deformed body, poison resistance, slowness 2,
spit poison 1, naga tail 1, strong 1
a: Spit Poison, Renounce Religion, Draw Escape, Draw Destruction, Draw Summoning


You were on level 7 of the Dungeon.
You worshipped Nemelex Xobeh.
Nemelex Xobeh was aware of your devotion.
You visited 2 branches of the dungeon, and saw 8 of its levels.

You collected 465 gold pieces.

Inventory:

Hand Weapons
 j - a +1 dagger of holy wrath (weapon)
 o - a +3 long sword
Missiles
 b - 6 atropa-tipped darts
 i - 8 poisoned darts
 w - 4 javelins
 x - 3 throwing nets
Armour
 l - a +2 helmet (worn)
 n - +0 steam dragon scales (worn)
Jewellery
 k - a ring of resist corrosion (left hand)
 r - an amulet of regeneration (around neck)
 s - an amulet of reflection
Wands
 a - a wand of paralysis (13)
 c - a wand of flame (2)
 d - a wand of charming (5)
Scrolls
 t - a scroll of identify
 v - a scroll of amnesia
Potions
 e - 2 potions of might {unknown}
 f - 2 potions of attraction
 h - 2 potions of heal wounds {unknown}
 m - 2 potions of curing
 p - a potion of resistance {unknown}
 q - 3 potions of lignification
 z - 4 potions of flight
 A - 2 potions of degeneration {unknown}


   Skills:
 + Level 7.5 Fighting
 + Level 5.7 Short Blades
 - Level 3.0 Throwing
 + Level 2.7 Armour
 + Level 2.3 Dodging
 - Level 10.0 Stealth
 - Level 3.0 Evocations


You had 8 spell levels left.
You didn't know any spells.
Your spell library contained the following spells:

 Spells                   Type           Power      Damage    Failure   Level
 Apportation              Tloc           0%         N/A       34%         1
 Beastly Appendage        Tmut           0%         N/A       34%         1
 Necrotise                Necr           0%         1d4       34%         1
 Sandblast                Erth           0%         2d4       34%         1
 Summon Small Mammal      Summ           0%         N/A       34%         1
 Blink                    Tloc           0%         N/A       47%         2
 Ensorcelled Hibernation  Hex/Ice        0%         N/A       47%         2
 Momentum Strike          Conj/Tloc      0%         3d8       47%         2
 Passwall                 Tmut/Erth      0%         N/A       47%         2
 Wereblood                Tmut           0%         N/A       47%         2
 Lesser Beckoning         Tloc           0%         N/A       71%         3
 Spider Form              Tmut/Pois      0%         N/A       71%         3
 Stone Arrow              Conj/Erth      0%         3d7       71%         3
 Swiftness                Air            0%         N/A       71%         3


Dungeon Overview and Level Annotations

Branches:
Dungeon (7/15)             Temple (1/1) D:5

Altars:
Ashenzari
Cheibriados
Dithmenos
Elyvilon
Fedhas
Gozag
Kikubaaqudgha
Makhleb
Nemelex Xobeh
Qazlal
Ru
Sif Muna
Trog
Uskayaw
Vehumet
Wu Jian
Xom
Yredelemnul
Zin
The Shining One


Innate Abilities, Weirdness & Mutations

Your serpentine skin is tough. (AC +3)
You have supernaturally acute eyesight. (SInv)
Armour fits poorly on your strangely shaped body.
Your system is resistant to poisons. (rPois)
You cover ground very slowly.
You can spit poison.
You have a snake-like lower body.
Your muscles are strong. (Str +4, Int/Dex -1)


Message History

A wight is nearby!
A wight is nearby!
The wight hits you with a +4 scimitar!
You feel drained.
You hit the wight but do no damage. You punch the wight.
The wight is lightly damaged.
The wight closely misses you.
You hit the wight.
The wight convulses.
The wight is heavily damaged.
The wight hits you with a +4 scimitar!
You feel drained.
You hit the wight.
The wight convulses.
The wight is heavily damaged.
The wight closely misses you.
You hit the wight but do no damage.
The wight is heavily damaged.
The wight hits you from afar with a +2 halberd of freezing.
The wight freezes you.
You hit the wight but do no damage.
The wight is heavily damaged.
The wight hits you with a +4 scimitar!
You feel drained.
The wight hits you from afar with a +2 halberd of freezing!
* * * LOW HITPOINT WARNING * * *
You feel drained.
* * * LOW HITPOINT WARNING * * *
The wight freezes you.
* * * LOW HITPOINT WARNING * * *
You hit the wight but do no damage.
The wight is heavily damaged.
You hit the wight.
The wight convulses.
The wight is severely damaged.
The wight closely misses you.
You closely miss the wight.
The wight is severely damaged.
The wight barely misses you.
The wight hits you from afar with a +2 halberd of freezing.
* * * LOW HITPOINT WARNING * * *
You feel drained.
* * * LOW HITPOINT WARNING * * *
The wight freezes you.
You die...
Your body disappears without a glow.

.♣
#.##.#...#...#...#...#...#...
♣♣
#..##.....#.###.#.....#.###.#
♣
##..##...###...###...###...##
#..#.###.#.....#.###.#.....#
♣
#.#...#...#...#...#...#...#.
♣♣
#.#...#...#####...#...#####.
.♣
#.#...#...#...#...#...#...#.
.#
#..#.###.#.....#.###.#.....#
.#
#.###...###@..###...###...##
.#
#.##.....#z###.#.....#.###.#
.#
#...#z..#z..#...#...#...#...
##
###.#####...#...#####...#...
# #.#...#...#...#...#...#...
##.....#.###.#.....#.###.#
##...###...###...###...##
##########...#....###...#.##
##.....## #####...[........#


You could see 2 wights.

Vanquished Creatures
  Grinder (D:4)
  2 steam dragons
  Menkaure (D:5)
  A water moccasin (D:7)
  2 sky beasts
  A black bear (D:7)
  2 phantoms (D:4)
  A necrophage (D:5)
  A gnoll sergeant (D:7)
  4 scorpions
  5 wights (D:7)
  6 hounds
  2 bullfrog zombies (D:4)
  A jelly (D:6)
  2 orc priests
  2 iguanas (D:5)
  2 orc wizards (D:7)
  2 scorpion zombies (D:4)
  2 hound zombies (D:4)
  A hound skeleton (D:4)
  Robin (D:2)
  A howler monkey zombie (D:4)
  6 gnolls
  8 adders
  2 white imps
  An ufetubus (D:4)
  An adder skeleton (D:4)
  2 adder zombies (D:4)
  A worm (D:4)
  A dart slug (D:5)
  25 orcs
  5 endoplasms
  5 giant cockroaches
  10 goblins
  3 hobgoblins
  2 quokkas
  2 ball pythons (D:2)
  7 bats
  3 frilled lizards
  A jackal zombie (D:4)
  5 kobolds
  4 rats
  A butterfly (D:5)
138 creatures vanquished.

Vanquished Creatures (collateral kills)
  2 gnolls (D:7)
  An orc (D:7)
  A goblin (D:2)
  A hobgoblin (D:2)
  A bat (D:2)
6 creatures vanquished.

Vanquished Creatures (others)
  An orc warrior (D:7)
  A gnoll bouda (D:7)
  A gnoll (D:7)
  An adder (D:2)
  A goblin (D:2)
  A fungus (D:2)
  A plant (D:2)
  A withered plant (D:4)
8 creatures vanquished.

Grand Total: 152 creatures vanquished

Notes
Turn   | Place    | Note
-------+----------+-------------------------------------------
     0 | D:1      | oldriver the Naga Artificer began the quest for the Orb.
     0 | D:1      | Reached XP level 1. HP: 18/18 MP: 1/1
    54 | D:1      | Reached skill level 2 in Stealth
   131 | D:1      | Reached XP level 2. HP: 22/25 MP: 2/2
   441 | D:1      | Reached skill level 3 in Stealth
   769 | D:2      | Reached XP level 3. HP: 32/32 MP: 3/3
   847 | D:2      | Noticed Robin
  1215 | D:2      | Reached skill level 4 in Stealth
  1238 | D:2      | Killed Robin
  1239 | D:2      | Reached XP level 4. HP: 36/40 MP: 4/4
  1241 | D:2      | Found a faded altar of an unknown god.
  1681 | D:2      | Gained mutation: Your muscles are strong. (Str +4, Int/Dex
                  | -1) [potion of mutation]
  1684 | D:2      | Reached skill level 5 in Stealth
  1837 | D:2      | Reached XP level 5. HP: 24/49 MP: 5/5
  2214 | D:3      | Reached skill level 1 in Short Blades
  2382 | D:3      | Found a glowing silver altar of Zin.
  2417 | D:4      | Noticed Grinder
  2443 | D:4      | Killed Grinder
  2444 | D:4      | Reached skill level 6 in Stealth
  2444 | D:4      | Reached XP level 6. HP: 26/57 MP: 6/6
  2718 | D:4      | Reached XP level 7. HP: 64/64 MP: 7/7
  2786 | D:4      | Reached skill level 7 in Stealth
  3033 | D:4      | Found a stormy altar of Qazlal.
  3445 | D:5      | Entered Level 5 of the Dungeon
  3731 | D:5      | Found a staircase to the Ecumenical Temple.
  3733 | D:5      | Noticed a steam dragon
  3743 | D:5      | Killed a steam dragon
  3744 | D:5      | Reached skill level 5 in Fighting
  3744 | D:5      | Reached skill level 5 in Short Blades
  3744 | D:5      | Reached skill level 8 in Stealth
  3744 | D:5      | Reached XP level 8. HP: 14/74 MP: 8/8
  3812 | Temple   | Entered the Ecumenical Temple
  4081 | D:5      | Identified the +1 chain mail "Jipein" {rF++ Dex+7}
  4331 | D:5      | Noticed Menkaure
  4334 | D:5      | Killed Menkaure
  4362 | D:5      | Reached skill level 9 in Stealth
  4966 | D:6      | Reached skill level 1 in Throwing
  4966 | D:6      | Reached skill level 10 in Stealth
  5067 | D:6      | Reached XP level 9. HP: 85/86 MP: 9/9
  5223 | D:6      | Reached skill level 1 in Dodging
  5289 | D:6      | Found a snail-covered altar of Cheibriados.
  5624 | D:7      | Found a sparkling altar of Nemelex Xobeh.
  5640 | D:7      | Became a worshipper of Nemelex Xobeh the Trickster
  5747 | D:7      | Found a sacrificial altar of Ru.
  5748 | D:7      | Found an ornate altar of the Wu Jian Council.
  5748 | D:7      | Found a burning altar of Makhleb.
  5749 | D:7      | Found a blossoming altar of Fedhas.
  6344 | D:7      | Found an opulent altar of Gozag.
  6722 | D:7      | Found a white marble altar of Elyvilon.
  6723 | D:7      | Reached * piety under Nemelex Xobeh
  6882 | D:7      | HP: 2/55 [wight/+2 halberd of freezing (4)]
  6882 | D:7      | Slain by a wight

Illustrated notes

Levels and vault maps discovered:
D:1:      roderic_octagonal_star, layout_rooms
D:2:      layout_rooms, shapermc_ecumenical_altar_mp_ritualfount,
          serial_park_tiny_1, uniq_robin
D:3:      layout_rooms, lemuel_crystal_altar
D:4:      layout_loops_ring, grunt_qazlal_sundering, serial_undead,
          serial_undead_d, serial_undead_c, serial_undead_d, serial_undead_b,
          uniq_grinder
D:5:      layout_basic, minmay_temple_entry_butterflies, serial_glass,
          glass_columns_c, glass_columns_a, minmay_misc_feat_pillars,
          nrook_pool_corridor, uniq_menkaure
D:6:      layout_loops_ring, mainiacjoe_overflow_boulevard
D:7:      nicolae_cairo_tiling, layout_rooms, amcnicky_altar_gilded,
          chequers_temple_overflow_statue_of_worship, elyvilon_altar_3,
          mainiacjoe_overflow_alcove_4
Temple:   chequers_temple_sunken

Skill      XL: |  1  2  3  4  5  6  7  8  9 |
---------------+----------------------------+-----
Stealth        | 2 3 4 5 6 8 10 | 10.0
Fighting       | 2 3 4 5 7 |  7.5
Short Blades   | 2 3 5 |  5.7
Throwing       | 1 3 |  3.0
Dodging        | 2 |  2.3
Armour         | 2 |  2.7
Evocations     | |  3.0

Action                   |  1- 3 |  4- 6 |  7- 9 || total
-------------------------+-------+-------+-------++-------
Melee: Club              |     8 |       |       ||     8
       Dagger            |   104 |   146 |   775 ||  1025
       Punch             |       |     2 |    10 ||    12
Throw: Dart              |       |       |     3 ||     3
       Javelin           |       |       |     3 ||     3
 Abil: Spit Poison       |    28 |    28 |    50 ||   106
Evoke: Wand              |     5 |     4 |    27 ||    36
  Use: Potion            |       |     3 |     4 ||     7
       Scroll            |       |       |    17 ||    17
 Stab: Sleeping          |       |     1 |     3 ||     4
Armor: Leather armour    |    50 |    42 |   108 ||   200
       Steam dragon scal |       |       |    89 ||    89
       Skin              |       |       |    12 ||    12
Dodge: Dodged            |    75 |    71 |   247 ||   393

Table legend: (Time is in decaauts)
 A = Elapsed time spent in this place.
 B = Non-inter-level travel time spent in this place.
 C = Inter-level travel time spent in this place.
 D = Time resting spent in this place.
 E = Time spent auto-exploring this place.
 F = Levels seen in this place.
 G = Mean time per level.
                   A        B        C        D        E       F      G
               +--------+--------+--------+--------+--------+-----+--------+
         Total |   8310 |   8019 |    291 |    852 |   4960 |   8 | 1038.8 |
       Dungeon |   7956 |   7688 |    268 |    852 |   4690 |   7 | 1136.6 |
        Temple |    354 |    331 |     23 |      0 |    270 |   1 |  354.0 |
               +--------+--------+--------+--------+--------+-----+--------+

Top non-repeatable levels by time:
     D:5: 1397 daAuts
     D:7: 1387 daAuts
     D:4: 1241 daAuts
     D:2: 1209 daAuts
     D:1: 1051 daAuts
     D:6: 965 daAuts
     D:3: 702 daAuts
  Temple: 354 daAuts
